Map: Orbital Shipyard

Players

State - Winner!

  • Race: Protoss Protoss
  • League: Grandmaster

Azure

  • Race: Terran Terran
  • League: Master

VOD

Have the link to the VOD?

Description

Time

  • Played on: Feb. 10, 2016, 9:51 p.m.
  • Length: 7:21
Show
View Real Time Build Order
Export as new Build Order

State Protoss - Winner!

Build Orders: 1 Gate Expand, Oracle Opening 

Get SALT Encoding   

  12  0:01  Probe (Chrono Boost)  
  13  0:11  Probe (Chrono Boost)  
  14  0:16  Pylon  
  14  0:22  Probe (Chrono Boost)  
  15  0:35  Probe (Chrono Boost)  
  16  0:36  Gateway  
  16  0:43  Assimilator  
  16  0:45  Probe (Chrono Boost)  
  17  0:56  Probe (Chrono Boost)  
  18  1:06  Probe (Chrono Boost)  
  19  1:22  Nexus  
  19  1:24  Probe (Chrono Boost)  
  20  1:35  Cybernetics Core  
  20  1:38  Probe (Chrono Boost)  
  21  1:44  Assimilator  
  21  1:49  Probe (Chrono Boost)  
  21  1:54  Pylon  
  22  1:59  Probe (Chrono Boost)  
  23  2:12  Adept (Chrono Boost), Mothership Core (Chrono Boost)  
  27  2:17  Pylon  
  27  2:19  Warp Gate  
  27  2:30  Probe (Chrono Boost)  
  27  2:33  Probe  
  29  2:38  Adept (Chrono Boost)  
  29  2:42  Probe  
  29  2:43  Probe  
  33  2:52  Stargate  
  33  2:54  Probe x2 (Chrono Boost)  
  35  3:07  Probe x2 (Chrono Boost)  
  35  3:11  Robotics Facility  
  37  3:17  Pylon  
  37  3:20  Pylon  
  37  3:22  Probe (Chrono Boost)  
  37  3:25  Probe (Chrono Boost)  
  39  3:32  Probe (Chrono Boost)  
  38  3:35  Probe (Chrono Boost)  
  39  3:43  Probe (Chrono Boost)  
  39  3:45  Probe (Chrono Boost)  
  41  3:49  Oracle (Chrono Boost)  
  41  3:52  Forge  
  41  3:54  Probe, Assimilator  
  45  3:59  Twilight Council  
  45  4:00  Probe, Assimilator  
  46  4:06  Warp Prism  
  46  4:09  Probe  
  49  4:11  Probe  
  50  4:19  Pylon  
  50  4:21  Probe x2  
  52  4:26  Protoss Ground Weapons Level 1 (Chrono Boost)  
  52  4:29  Resonating Glaives  
  52  4:32  Probe  
  52  4:34  Probe  
  54  4:44  Probe  
  55  4:46  Probe  
  55  4:50  Gateway x2  
  56  4:56  Probe  
  56  4:57  Pylon  
  56  4:58  Probe  
  56  4:59  Pylon  
  58  5:06  Gateway  
  59  5:07  Observer  
  59  5:08  Pylon  
  59  5:10  Gateway  
  59  5:14  Pylon  
  59  5:31  Adept  
  61  5:38  Probe x2  
  59  5:50  Probe x2  
  59  5:56  Adept x3  
  67  6:02  Immortal  
  73  6:11  Probe  
  72  6:18  Nexus  
  72  6:21  Adept x3  
  72  6:22  Adept  
  80  6:30  Adept  
  80  6:35  Probe x2  
  76  6:46  Adept x3  
  76  6:47  Adept  
  84  6:49  Probe  
  77  7:00  Probe  
  73  7:01  Probe  
  73  7:05  Adept  
  72  7:10  Adept  
  72  7:14  Pylon  
Show
View Real Time Build Order
Export as new Build Order

Azure Terran 

Build Orders: Reaper Expand 

Get SALT Encoding   

  12  0:01  SCV  
  13  0:13  SCV  
  14  0:17  Supply Depot  
  14  0:25  SCV  
  15  0:39  SCV  
  15  0:42  Barracks  
  16  0:46  Refinery  
  16  0:51  SCV  
  17  1:03  SCV  
  18  1:15  SCV  
  19  1:29  Orbital Command  
  19  1:30  Reaper  
  20  1:43  Command Center  
  20  1:54  SCV  
  20  2:00  Supply Depot  
  21  2:03  Barracks Reactor  
  21  2:06  SCV  
  22  2:12  Barracks  
  22  2:15  Refinery  
  22  2:19  SCV  
  23  2:32  Factory  
  23  2:33  SCV  
  24  2:39  Marine  
  24  2:40  Marine  
  26  2:45  SCV  
  27  2:57  SCV, Marine x2  
  30  2:58  Orbital Command  
  30  3:08  Marine  
  30  3:09  SCV  
  32  3:20  Marine x2  
  32  3:21  SCV  
  32  3:24  Factory Reactor  
  35  3:27  SCV, Starport  
  35  3:33  SCV  
  35  3:35  Marine  
  35  3:38  Marine  
  36  3:42  Supply Depot  
  36  3:46  SCV  
  37  3:49  SCV  
  38  3:59  Barracks Tech Lab  
  38  4:02  Supply Depot  
  38  4:04  SCV x2  
  38  4:05  Widow Mine x2  
  38  4:06  Medivac, Barracks Reactor  
  46  4:16  SCV  
  46  4:18  Stimpack  
  46  4:20  Supply Depot  
  46  4:31  Liberator  
  46  4:36  Supply Depot  
  46  4:41  SCV  
  46  4:42  SCV, Marine  
  46  4:47  Marine x2  
  46  4:48  Engineering Bay, Widow Mine  
  52  4:53  SCV  
  52  4:54  SCV  
  52  4:59  Marine  
  46  5:03  Widow Mine  
  46  5:04  Marine x2  
  46  5:05  SCV  
  46  5:06  SCV  
  53  5:15  Supply Depot  
  53  5:17  SCV, Marine  
  53  5:18  SCV, Missile Turret  
  56  5:21  Missile Turret  
  56  5:22  Marine  
  57  5:29  SCV  
  57  5:30  SCV  
  59  5:38  Marine x2  
  59  5:41  SCV  
  59  5:42  SCV  
  63  5:44  Marine  
  64  5:53  SCV  
  64  5:54  SCV  
  64  5:55  Medivac x2  
  64  5:56  Factory Reactor, Marine  
  64  5:57  Marauder  
  69  6:01  Supply Depot, Marine  
  70  6:04  Refinery  
  70  6:11  Barracks  
  70  6:14  Supply Depot  
  70  6:17  Command Center  
  70  6:22  SCV  
  70  6:23  SCV  
  70  6:24  Marine x2  
  72  6:32  Widow Mine  
  72  6:34  SCV  
  72  6:35  SCV  
  72  6:38  Marine  
  72  6:46  SCV  
  68  6:47  SCV  
  62  6:58  SCV, Marauder  
  62  6:59  SCV  
Tags
 
Add a new tag
Caveats
  • Supply blocks, unpowered buildings, or Contaminate may cause inaccurate times.
  • Supply counts are checked every 10 seconds.